 Dungeon Crawl Stone Soup version 0.27.1 (webtiles) character file.

Game seed: 8972174002672342100

27 Rrauwl the Grasshopper (level 3, -1/18 HPs)
             Began as a Vine Stalker Warper on Aug 24, 2021.
             Was a Follower of Kikubaaqudgha.
             Slain by Natasha (3 damage)
             ... on level 2 of the Dungeon.
             The game lasted 00:04:14 (1558 turns).

Rrauwl the Grasshopper (Vine Stalker Warper)        Turns: 1558, Time: 00:04:14

Health: -1/18      AC:  3    Str: 10 (13) XL:     3   Next: 10%
Magic:  0/7        EV: 11    Int: 13      God:    Kikubaaqudgha [*.....]
Gold:   114        SH:  0    Dex: 13 (14) Spells: 5/7 levels left

rFire    + . .     SeeInvis .     - Unarmed
rCold    . . .     Faith    .   (no shield)
rNeg     . . .     Spirit   +   a - +0 leather armour
rPois    .         Reflect  .   (no helmet)
rElec    .         Harm     .   (no cloak)
rCorr    .         Rampage  .   (no gloves)
Will     .....                  (no boots)
Stlth    +.........             (no amulet)
HPRegen  0.06/turn              e - ring of protection from fire
MPRegen  0.10/turn              (no ring)

@: no status effects
A: fangs 2, magic shield, antimagic bite, no potion heal 2
a: Renounce Religion, Receive Corpses


You were on level 2 of the Dungeon.
You worshipped Kikubaaqudgha.
Kikubaaqudgha was aware of your devotion.
You visited 1 branch of the dungeon, and saw 2 of its levels.

You collected 114 gold pieces.

Inventory:

Missiles
 c - 5 boomerangs of dispersal (quivered)
Armour
 a - a +0 leather armour (worn)
Jewellery
 e - a ring of protection from fire (left hand)
Scrolls
 b - a scroll of blinking
 d - a scroll of identify


   Skills:
 - Level 2.0 Fighting
 - Level 1.0 Throwing
 - Level 1.0 Armour
 + Level 1.8 Dodging
 + Level 2.2 Unarmed Combat
 + Level 2.5 Spellcasting
 + Level 3.2 Translocations


You had 5 spell levels left.
You knew the following spells:

 Your Spells              Type           Power      Damage    Failure   Level
a - Blink                 Tloc           N/A        N/A       13%         2

Your spell library contained the following spells:

 Spells                   Type           Power      Damage    Failure   Level
 Gell's Gravitas          Tloc           5%         N/A       26%         3
 Lesser Beckoning         Tloc           5%         N/A       26%         3
 Teleport Other           Tloc           10%        N/A       26%         3
 Pain                     Necr           4%         1d4       32%         1
 Corpse Rot               Necr/Air       N/A        N/A       45%         2
 Sublimation of Blood     Necr           0%         N/A       45%         2
 Inner Flame              Hex/Fire       1%         N/A       69%         3
 Vampiric Draining        Necr           0%         2d6       69%         3
 Manifold Assault         Tloc           10%        N/A       93%         5
 Cause Fear               Hex            0%         N/A       97%         4
 Discord                  Hex            0%         N/A       100%        8


Dungeon Overview and Level Annotations

Branches:
Dungeon (2/15)

Altars:
Fedhas
Kikubaaqudgha

Annotations:
D:2 Natasha


Innate Abilities, Weirdness & Mutations

You have extremely sharp teeth.
When hurt, damage is shared between your health and your magic reserves.
Your bite disrupts and absorbs the magic of your enemies.
Potions cannot restore your health.


Message History

Natasha hisses angrily.
You hear a shout!
Natasha casts a spell at you. The magic dart hits you!
Natasha is nearby!
You aren't carrying any potions.
Natasha claws you but does no damage.
You closely miss Natasha. You bite Natasha.
Natasha's magic leaks into the air.
You drain her magic.
You feel invigorated.
Natasha is lightly wounded.
Natasha claws you. Natasha claws you.
You hit Natasha. Your bite misses Natasha.
Natasha is moderately wounded.
Natasha claws you.
You hit Natasha but do no damage.
Natasha is moderately wounded.
You barely miss Natasha.
Natasha is moderately wounded.
Natasha casts a spell at you. The magic dart hits you!
* * * LOW HITPOINT WARNING * * *
Unknown command.
You hit Natasha but do no damage.
Natasha is moderately wounded.
Natasha closely misses you.
You hit Natasha. Your bite misses Natasha.
Natasha is heavily wounded.
Natasha claws you.
* * * LOW HITPOINT WARNING * * *
Okay, then.
You hit Natasha.
Natasha is heavily wounded.
Natasha wildly gestures.
You feel troubled. Natasha misses you.
You hit Natasha.
Natasha is heavily wounded.
Natasha claws you.
You die...
Kikubaaqudgha rasps: "You have failed me!
Welcome... death!"

.# ###.....#########......#
.#####.....#........##......#
.......##>#########.##..#####
...........## ##....##
............### #...###
#########.....####...# # #
#...........####.. ..
#########................. ...
..........#....#@...####....h.
..#####.....>...h##### ...#
...########..........###.$..#
............................#
...####..........#######....#
........###......# ...#
...###### #......# ### ...#
######## ...#


You could see Natasha.

Vanquished Creatures
  A ball python (D:2)
  3 bats
  5 giant cockroaches
  3 hobgoblins (D:1)
  5 kobolds
  3 goblins
  3 rats
23 creatures vanquished.

Notes
Turn   | Place    | Note
-------+----------+-------------------------------------------
     0 | D:1      | Rrauwl the Vine Stalker Warper began the quest for the Orb.
     0 | D:1      | Reached XP level 1. HP: 11/11 MP: 4/4
   352 | D:1      | Reached skill level 1 in Throwing
   379 | D:1      | Reached XP level 2. HP: 9/13 MP: 4/6
   637 | D:1      | Reached skill level 1 in Armour
  1044 | D:2      | Found a blossoming altar of Fedhas.
  1193 | D:2      | Found a faded altar of an unknown god.
  1272 | D:2      | Became a worshipper of Kikubaaqudgha
  1272 | D:2      | Reached * piety under Kikubaaqudgha
  1272 | D:2      | Received a gift from Kikubaaqudgha
  1276 | D:2      | Learned a level 2 spell: Blink
  1369 | D:2      | Reached XP level 3. HP: 15/17 MP: 7/7
  1537 | D:2      | Noticed Natasha
  1558 | D:2      | Slain by Natasha

Illustrated notes

Levels and vault maps discovered:
D:1:      amcnicky_arrival_wind_blow, layout_basic, due_unseen_surprise
D:2:      layout_rooms, basic_altar, ebering_ecumenical_altar_mist, uniq_natasha

Skill      XL: |  1  2 |
---------------+-------+-----
Throwing       | 1 |  1.0
Armour         | 1 |  1.0
Fighting       | 2 |  2.0
Dodging        | |  1.8
Unarmed Combat | |  2.2
Spellcasting   | |  2.5
Translocations | |  3.2

Action                   || total
-------------------------++-------
Melee: Unarmed           ||    89
       Bite              ||    14
       Punch             ||     1
  Use: Potion            ||     5
       Scroll            ||     1
Armor: Leather armour    ||    28
Dodge: Dodged            ||    46
